 Dungeon Crawl Stone Soup version 0.20-a0-507-gc86f373 (webtiles) character file.

43143 Amnesiac the Nimble (level 13, -2/70 HPs)
             Began as a Spriggan Enchanter on Jan 22, 2017.
             Was a High Priest of Dithmenos.
             Killed from afar by a fire dragon (45 damage)
             ... with a blast of flame
             ... on level 1 of the Depths.
             The game lasted 00:43:49 (17593 turns).

Amnesiac the Nimble (Spriggan Enchanter)           Turns: 17593, Time: 00:43:50

Health: -2/70      AC:  7    Str:  4    XL:     13   Next: 89%
Magic:  20/32      EV: 29    Int: 24    God:    Dithmenos [*****.]
Gold:   481        SH:  4    Dex: 19    Spells: 22/40 levels left

rFire    . . .     SeeInvis +   p - +0 dagger (elec)
rCold    . . .     Gourm    +   o - +0 troll leather armour
rNeg     . . .     Faith    .   (shield restricted)
rPois    .         Spirit   .   (helmet restricted)
rElec    +         Reflect  .   H - +1 cloak {MR+}
rCorr    .         Harm     .   (gloves unavailable)
MR       +++..                  (boots unavailable)
Stlth    +++++++++.             O - amulet of Wigenija {Gourm rElec Int-2 Dex+2}
Regen    0.7/turn               V - ring of wizardry
                                y - ring "Luoff" {Int+7 Stlth+}

@: wreathed by umbra, studying Conjurations, very quick
A: unfitting armour, large bone plates 1, see invisible, clumsy 1, herbivore 3,
speed 3, shaggy fur 1, slow metabolism 2
a: Shadow Step, Shadow Form, Renounce Religion


You were on level 1 of the Depths.
You worshipped Dithmenos.
Dithmenos was extremely pleased with you.
You were very full.

You visited 3 branches of the dungeon, and saw 17 of its levels.

You collected 860 gold pieces.
You spent 379 gold pieces at shops.

Inventory:

Hand Weapons
 g - a +2 fustibalus of freezing
 p - a +0 dagger of electrocution (weapon)
 G - the +11 quarterstaff "Arcanum" {drain, rC+ Str+4 Stlth+}
   (You took it off an orc priest on level 8 of the Dungeon)

   A truly terrible weapon, it drains the life of those it strikes.
   It affects your strength (+4).
   It protects you from cold.
   It makes you more stealthy.
Missiles
 a - 58 sling bullets
 h - 595 stones (quivered)
 C - 3 curare-tipped needles
Armour
 o - a +0 troll leather armour (worn)
 x - a +0 buckler
 E - a +0 robe of positive energy
 H - a +1 cloak of magic resistance (worn)
Jewellery
 y - the ring "Luoff" (left hand) {Int+7 Stlth+}
   (You found it on level 6 of the Dungeon)

   [ring of stealth]

   It affects your intelligence (+7).
   It makes you more stealthy.
 B - an uncursed ring of protection from cold
 N - a +1 ring of evasion
 O - the amulet of Wigenija (around neck) {Gourm rElec Int-2 Dex+2}
   (You found it on level 10 of the Dungeon)

   [amulet of the gourmand]

   It allows you to eat raw meat even when not hungry.
   It affects your intelligence (-2).
   It affects your dexterity (+2).
   It insulates you from electricity.
 V - a ring of wizardry (right hand)
Wands
 b - a wand of enslavement (12/24)
 l - a wand of confusion (19/48)
 I - a wand of digging (22/24)
 K - a wand of iceblast (7/15)
 R - a wand of paralysis (11/24)
 X - a wand of lightning (4/15)
Scrolls
 e - 9 scrolls of remove curse
 i - 2 scrolls of identify
 k - a scroll of blinking
 q - 12 scrolls of teleportation
 r - 2 scrolls of recharging
 s - a scroll of magic mapping
 u - 3 scrolls of enchant weapon
 T - 2 scrolls of brand weapon
 W - a scroll of amnesia
 Y - a scroll of holy word
Potions
 f - 2 potions of lignification
 j - 6 potions of haste
 n - 8 potions of curing
 t - 2 potions of might
 v - 2 potions of heal wounds
 w - 2 potions of agility
 z - 2 potions of ambrosia
 A - a potion of berserk rage
 J - 3 potions of magic
 Q - a potion of brilliance
 S - a potion of invisibility
 U - a potion of cure mutation
Books
 c - a book of Maledictions

   Spells                             Type                      Level
   a - Corona                         Hexes                        1
   b - Ensorcelled Hibernation        Hexes/Ice                    2
   c - Confuse                        Hexes                        3
   d - Tukima's Dance                 Hexes                        3
   e - Dazzling Spray                 Conjuration/Hexes            3
 m - a book of Fire

   Spells                             Type                      Level
   a - Ignite Poison                  Fire/Transmutation/Poison    3
   b - Fireball                       Conjuration/Fire             5
   c - Bolt of Fire                   Conjuration/Fire             6
   d - Delayed Fireball               Conjuration/Fire             7
   e - Ring of Flames                 Charms/Fire                  7
   Dithmenos disapproves of the use of such an item.
 D - the Almanac of Summoning and Stones
   (You found it on level 8 of the Dungeon)

   Spells                             Type                      Level
   a - Sandblast                      Earth                        1
   b - Summon Butterflies             Summoning                    1
   c - Summon Small Mammal            Summoning                    1
   d - Iron Shot                      Conjuration/Earth            6
   e - Shatter                        Earth                        9
 L - a manual of Conjurations
 M - the Volume of Illusion
   (You found it on level 9 of the Dungeon)

   Spells                             Type                      Level
   a - Summon Butterflies             Summoning                    1
   b - Summon Guardian Golem          Hexes/Summoning              3
   c - Recall                         Summoning/Translocation      3
   d - Summon Mana Viper              Hexes/Summoning              5
   e - Summon Forest                  Summoning/Translocation      5
 Z - a book of Callings

   Spells                             Type                      Level
   a - Summon Small Mammal            Summoning                    1
   b - Call Imp                       Summoning                    2
   c - Call Canine Familiar           Summoning                    3
   d - Summon Guardian Golem          Hexes/Summoning              3
   e - Summon Lightning Spire         Summoning/Air                4
   f - Summon Ice Beast               Ice/Summoning                4
Miscellaneous
 P - a box of beasts
Comestibles
 d - 13 bread rations
 F - 19 fruits


   Skills:
 - Level 9.3 Fighting
 - Level 8.0 Short Blades
 - Level 14.7 Dodging
 - Level 10.3 Stealth
 + Level 0.0 Shields
 - Level 14.0 Spellcasting
 - Level 14.0 Hexes


You had 22 spell levels left.
You knew the following spells:

 Your Spells              Type           Power        Failure   Level  Hunger
a - Dazzling Spray        Conj/Hex       ######       1%          3    None
c - Summon Butterflies    Summ           ###.....     3%          1    None
d - Summon Mana Viper     Hex/Summ       ######..     4%          5    ###....
e - Confuse               Hex            ######..     1%          3    None
f - Corona                Hex            ######.      1%          1    None
w - Tukima's Dance        Hex            ######..     1%          3    None
z - Ensorcelled Hibernat  Hex/Ice        ######       1%          2    None


Dungeon Overview and Level Annotations

Branches:
Dungeon (15/15)            Temple (1/1) D:4            Lair (0/6) D:11
    Orc (0/2) D:11         Vaults (0/5) D:13         Depths (1/5) D:15

Altars:
Ashenzari
Cheibriados
Dithmenos
Elyvilon
Fedhas
Gozag
Hepliaklqana
Kikubaaqudgha
Makhleb
Nemelex Xobeh
Okawaru
Qazlal
Ru
Sif Muna
Trog
Uskayaw
Vehumet
Xom
Yredelemnul
Zin
The Shining One

Shops:
D:8 *   D:11 }

Portals:
Trove: D:14 (give +8 demon whip)

Annotations:
Depths:1 1 runed door


Innate Abilities, Weirdness & Mutations

You are very small and have problems with some larger weapons.
You are too small for most types of armour.
You have supernaturally acute eyesight. (SInv)
You are a herbivore.
You cover ground extremely quickly.
You need consume almost no food.
You are partially covered in large bone plates. (SH +4)
You are clumsy. (Dex -2)
You are covered in fur. (AC +1)


Message History

The spray of energy misses the vampire knight.
The spray of energy hits the fire dragon.
The fire dragon is almost dead.
The fire dragon breathes flames at you. The blast of flame hits you!
You hear a shout! x6
Casting: Dazzling Spray
Confirm with . or Enter, or press ? or * to list all spells.
Aiming: Dazzling Spray
Press: ? - help, Shift-Dir - straight line, f/p - vampire knight
Aim: a vampire knight, wielding a battleaxe and wearing a chain mail (lightly damaged, slightly transparent, umbra)
The spray of energy hits the vampire knight.
The vampire knight is lightly damaged.
The spray of energy misses the fire dragon.
Found a ring of wizardry.
A sphinx comes into view.
The fire dragon breathes flames at you. The blast of flame hits you!
Ouch! That really hurt!
You die...

.. #...# #..#
#.#.##...##...#
c.............#
#...........#
#....#.# #....#.#
#..DV..####.
+.........H.
#...@.#....
#....## ..#
#.##....######
#............#
..#
+............+
..#
#######'##...#
..# #=
#..##...##..##..
(
#...........##..#
#.....>.....##..#


You could see a fire dragon, a sphinx and a vampire knight (invisible).

Vanquished Creatures
  A fire giant (D:9)
  A stone giant (Depths:1)
  A fire dragon (D:9)
  Snorg (D:12)
  A yaktaur captain (D:15)
  Erolcha (D:11)
  2 hydras
  A vault guard (D:13)
  3 centaur warriors
  Erica (D:8)
  6 two-headed ogres
  2 ogre magi
  A tengu warrior (Depths:1)
  A death knight (D:15)
  Nergalle (D:11)
  An unseen horror (D:12)
  Pikel (D:4)
  A wolf spider zombie (D:15)
  A wolf spider (D:9)
  2 manticores
  A deep elf mage (D:14)
  3 cyclopes
  2 ugly things
  Maurice (D:12)
  A black mamba (shapeshifter) (D:13)
  A gargoyle (D:15)
  2 komodo dragons
  A yaktaur (D:15)
  A troll (D:10)
  4 hornets
  A tengu conjurer (D:12)
  A raiju (shapeshifter) (D:9)
  A queen bee (D:12)
  Prince Ribbit (D:7)
  6 slime creatures (D:12)
  5 hippogriffs
  13 yaks
  2 wyverns
  2 fire elementals (D:12)
  2 wraiths
  A basilisk (D:14)
  6 vampire mosquitoes
  3 hungry ghosts
  A soldier ant (D:12)
  2 water moccasins
  A slave (D:4)
  3 black bears
  2 orc warriors
  4 sky beasts
  2 eyes of draining
  A boggart (Depths:1)
  3 ice beasts
  A phantom (D:4)
  11 ogres
  14 centaurs
  A crocodile (D:11)
  3 big kobolds
  13 bullfrogs
  A wyvern zombie (D:14)
  5 scorpions
  16 killer bees (D:12)
  5 wights (D:11)
  3 bullfrog zombies
  3 centaur zombies
  A wyvern simulacrum (D:14)
  4 hounds
  4 crimson imps
  4 jellies
  A centaur skeleton (D:5)
  6 orc priests
  13 orc wizards
  3 worker ants
  3 iguanas
  2 worker ant zombies
  Robin (D:2)
  16 adders
  4 gnolls (D:5)
  A howler monkey skeleton (D:7)
  A shadow imp (D:5)
  2 oozes
  An adder skeleton (D:5)
  3 worms
  A dart slug (D:3)
  7 leopard geckos
  34 orcs
  2 giant cockroaches
  22 goblins
  6 hobgoblins
  20 jackals
  3 quokkas
  2 ball pythons
  11 bats
  5 frilled lizards
  2 jackal skeletons
  19 kobolds
  A leopard gecko skeleton (D:3)
  11 rats
402 creatures vanquished.

Vanquished Creatures (collateral kills)
  Azrael (D:13)
  7 vault guards (D:13)
  3 two-headed ogres
  A tengu warrior (D:15)
  An ugly thing (D:12)
  A cyclops (D:13)
  A troll (D:13)
  A hornet (D:13)
  A wyvern (D:13)
  4 fire elementals (D:13)
  An orc warrior (D:12)
  An ogre (D:15)
  A howler monkey (D:9)
  A crimson imp (D:9)
  An orc priest (D:12)
  2 orcs (D:12)
  A plant (D:12)
29 creatures vanquished.

Vanquished Creatures (others)
  2 dancing weapons
  An orc (D:9)
  4 plants (D:12)
7 creatures vanquished.

Grand Total: 438 creatures vanquished

Notes
Turn   | Place    | Note
-------+----------+-------------------------------------------
     0 | D:1      | Amnesiac the Spriggan Enchanter began the quest for the Orb.
     0 | D:1      | Reached XP level 1. HP: 9/9 MP: 5/5
    83 | D:2      | Reached XP level 2. HP: 11/13 MP: 5/7
   477 | D:1      | Reached XP level 3. HP: 16/16 MP: 9/9
   482 | D:1      | Learned a level 3 spell: Confuse
   486 | D:1      | Learned a level 3 spell: Tukima's Dance
   489 | D:1      | Learned a level 2 spell: Ensorcelled Hibernation
  1415 | D:2      | Noticed Robin
  1465 | D:2      | Reached XP level 4. HP: 17/21 MP: 11/11
  1471 | D:2      | Killed Robin
  1977 | D:2      | Found a radiant altar of Vehumet.
  2341 | D:3      | Reached skill level 5 in Hexes
  2546 | D:3      | Reached skill level 5 in Spellcasting
  2546 | D:3      | Reached XP level 5. HP: 24/24 MP: 5/13
  3122 | D:4      | Found a staircase to the Ecumenical Temple.
  3133 | Temple   | Entered the Ecumenical Temple
  3381 | Temple   | Became a worshipper of Dithmenos the Shadowed
  3413 | D:4      | Noticed an ogre
  3432 | D:4      | Killed an ogre
  3432 | D:4      | Reached XP level 6. HP: 28/28 MP: 16/16
  3499 | D:4      | Found a white marble altar of Elyvilon.
  4005 | D:4      | Noticed a slave
  4005 | D:4      | Noticed a slave
  4006 | D:4      | Noticed Pikel
  4008 | D:4      | Noticed a slave
  4009 | D:4      | Noticed a slave
  4016 | D:4      | Killed a slave
  4032 | D:4      | Killed Pikel
  4032 | D:4      | Reached XP level 7. HP: 9/32 MP: 15/19
  4264 | D:4      | Learned a level 3 spell: Dazzling Spray
  4510 | D:4      | Reached XP level 8. HP: 36/36 MP: 21/21
  4749 | D:5      | Entered Level 5 of the Dungeon
  5131 | D:5      | Reached skill level 1 in Fighting
  5382 | D:5      | Reached * piety under Dithmenos
  6109 | D:6      | Noticed a hippogriff
  6124 | D:6      | Killed a hippogriff
  6124 | D:6      | Reached skill level 5 in Dodging
  6172 | D:6      | Got a flickering glass ring
  6529 | D:6      | Reached XP level 9. HP: 34/45 MP: 20/23
  6969 | D:7      | Identified the ring "Luoff" {Int+7 Stlth+} (You found it on level 6 of the Dungeon)
  7114 | D:7      | Found a hazy altar of Hepliaklqana.
  7186 | D:7      | Reached ** piety under Dithmenos
  7205 | D:7      | Noticed Prince Ribbit
  7219 | D:7      | Killed Prince Ribbit
  7797 | D:8      | Identified the Almanac of Summoning and Stones
  7825 | D:8      | Noticed Erica
  7844 | D:8      | Killed Erica
  7844 | D:8      | Reached skill level 5 in Fighting
  7844 | D:8      | Reached skill level 10 in Spellcasting
  7844 | D:8      | Reached skill level 10 in Hexes
  7863 | D:8      | Reached XP level 10. HP: 51/51 MP: 19/25
  8029 | D:8      | Noticed a two-headed ogre
  8072 | D:8      | Killed a two-headed ogre
  8091 | D:8      | Got a jewelled quarterstaff {drain}
  8092 | D:8      | Identified the +11 quarterstaff "Arcanum" {drain, rC+ Str+4 Stlth+} (You took it off an orc priest on level 8 of the Dungeon)
  8166 | D:8      | Found Dasuh's Assorted Antiques.
  8179 | D:8      | Gained mutation: You are covered in fur. (AC +1) [potion of mutation]
  8179 | D:8      | Gained mutation: You are clumsy. (Dex -2) [potion of mutation]
  8179 | D:8      | Gained mutation: You are partially covered in large bone plates. (SH +4) [potion of mutation]
  8531 | D:8      | Bought an embroidered cloak for 346 gold pieces
  8753 | D:9      | Noticed a two-headed ogre
  8771 | D:9      | Killed a two-headed ogre
  8771 | D:9      | Reached skill level 10 in Dodging
  8772 | D:9      | Reached *** piety under Dithmenos
  8819 | D:9      | Found a runed door.
  8819 | D:9      | Noticed a centaur warrior
  8819 | D:9      | Noticed a wolf spider
  8819 | D:9      | Noticed a fire dragon
  8821 | D:9      | Noticed an ogre mage
  8821 | D:9      | Noticed a fire giant
  8821 | D:9      | Noticed a four-headed hydra
  8994 | D:9      | Killed a centaur warrior
  9296 | D:9      | Found an ancient bone altar of Kikubaaqudgha.
  9296 | D:9      | Found an opulent altar of Gozag.
  9296 | D:9      | Found a shattered altar of Ashenzari.
  9296 | D:9      | Found a glowing silver altar of Zin.
  9538 | D:9      | Killed a fire dragon
  9783 | D:9      | Killed a four-headed hydra
  9783 | D:9      | Reached XP level 11. HP: 43/58 MP: 3/27
  9888 | D:9      | Identified the Volume of Illusion
  9933 | D:9      | Noticed a two-headed ogre
  9954 | D:9      | Killed a two-headed ogre
  9989 | D:9      | Killed a wolf spider
 10021 | D:9      | Killed an ogre mage
 10072 | D:9      | Was placed under penance by Dithmenos
 10096 | D:9      | Killed a fire giant
 10330 | D:10     | Entered Level 10 of the Dungeon
 10431 | D:10     | Was forgiven by Dithmenos
 10499 | D:10     | Learned a level 1 spell: Summon Butterflies
 10505 | D:10     | Learned a level 5 spell: Summon Mana Viper
 10596 | D:10     | Got a clouded bronze amulet
 11147 | D:11     | Noticed a red ugly thing
 11164 | D:11     | Killed a red ugly thing
 11209 | D:11     | Found Mowajec's Gadget Shoppe.
 11260 | D:11     | Found a staircase to the Orcish Mines.
 11293 | D:11     | Found a staircase to the Lair.
 11367 | D:11     | Noticed Nergalle
 11367 | D:11     | Noticed Erolcha
 11388 | D:11     | Killed Erolcha
 11426 | D:11     | Killed Nergalle
 11600 | D:11     | Reached XP level 12. HP: 64/64 MP: 21/29
 11715 | D:11     | Reached **** piety under Dithmenos
 11933 | D:12     | Noticed a centaur warrior
 11945 | D:12     | Killed a centaur warrior
 12389 | D:12     | Noticed Snorg
 12447 | D:12     | Killed Snorg
 12667 | D:12     | Noticed a two-headed ogre
 12688 | D:12     | Killed a two-headed ogre
 13579 | D:12     | Found a burning altar of Makhleb.
 13591 | D:12     | Reached ***** piety under Dithmenos
 14028 | D:13     | Noticed Azrael
 14312 | D:13     | Noticed a vault guard
 14314 | D:13     | Noticed a vault guard
 14317 | D:13     | Noticed a vault guard
 14317 | D:13     | Noticed a vault guard
 14323 | D:13     | Killed a vault guard
 14327 | D:13     | Killed a vault guard
 14334 | D:13     | Killed a vault guard
 14334 | D:13     | Reached XP level 13. HP: 36/70 MP: 11/31
 14426 | D:13     | Noticed Maurice
 14467 | D:12     | Killed Maurice
 14669 | D:8      | Bought a scroll labeled PIOSOERRU for 33 gold pieces
 14763 | D:12     | Identified the amulet of Wigenija {Gourm rElec Int-2 Dex+2} (You found it on level 10 of the Dungeon)
 15142 | D:13     | Killed Azrael
 15248 | D:13     | Found a gate to the Vaults.
 15649 | D:14     | Found an opulent altar of Gozag.
 15883 | D:14     | Reached skill level 5 in Short Blades
 16092 | D:14     | Found a portal to a secret trove of treasure.
 16330 | D:15     | Entered Level 15 of the Dungeon
 16846 | D:15     | Reached skill level 5 in Stealth
 17393 | D:15     | Found a staircase to the Depths.
 17413 | Depths:1 | Entered Level 1 of the Depths
 17436 | Depths:1 | Noticed a stone giant
 17445 | Depths:1 | Noticed an ettin
 17445 | Depths:1 | Killed a stone giant
 17463 | Depths:1 | Reached skill level 10 in Stealth
 17469 | Depths:1 | Noticed a stone giant
 17471 | Depths:1 | Noticed a fire dragon
 17496 | Depths:1 | Found a runed door.
 17581 | Depths:1 | Noticed a vampire knight
 17583 | Depths:1 | Noticed a fire dragon
 17593 | Depths:1 | Noticed a sphinx
 17593 | Depths:1 | Killed from afar by a fire dragon

Vault maps used:
D:1:      saegor_arrival_simple_b
D:2:      kennysheep_goblin_castle, vehumet_crystals, first_bread,
          serial_forest, infiniplex_forest_clump_cross,
          infiniplex_forest_straight_3, infiniplex_forest_clump_curved,
          infiniplex_forest_lined_room_3, infiniplex_forest_clump_tiny,
          infiniplex_forest_clump_long
D:3:      kennysheep_six_static_rooms
D:4:      elyvilon_altar_5, uniq_pikel
D:7:      kennysheep_mini, uniq_prince_ribbit1
D:8:      serial_shops, kennysheep_little_box, uniq_erica
D:9:      minmay_gate_of_8, chequers_temple_overflow_statue_of_worship
D:11:     lair_entry_dummy, orc_0_dummy, serial_shops, shop, minmay_orc_keep,
          uniq_nergalle, uniq_erolcha
D:12:     basic_altar, grunt_tengu_nest, nicolae_looking_at_the_future,
          uniq_snorg
D:13:     erik_vaults_2, serial_park_tiny_pond, small_statue_alley_a,
          uniq_azrael, uniq_maurice
D:14:     enter_trove_3, minmay_splitting_lines, david_defended_altar_elf
D:15:     grunt_enter_depths_snipers
Temple:   minmay_temple_curvy_branch
Depths:1: nicolae_abyss_entry_one_way_or_another, kennysheep_decorative_pillar,
          grunt_hell_entry_dis_old, hex_large, lightli_gold_pyramid,
          serial_bayou_shore_b

Skill      XL: |  1  2  3  4  5  6  7  8  9 10 11 12 13 |
---------------+----------------------------------------+-----
Spellcasting   | 3 4 5 6 8 9 10 11 12 13 14 | 14.0
Hexes          | 4 5 6 8 9 10 11 12 13 14 | 14.0
Fighting       | 3 5 6 7 9 |  9.3
Dodging        | 6 9 11 12 14 | 14.7
Short Blades   | 8 |  8.0
Stealth        | 10 | 10.3

Action                   |  1- 3 |  4- 6 |  7- 9 | 10-12 | 13-15 || total
-------------------------+-------+-------+-------+-------+-------++-------
Melee: Dagger            |    36 |     3 |     9 |    39 |    45 ||   132
       Quarterstaff      |       |       |       |   514 |   178 ||   692
 Fire: Fustibalus        |    65 |   216 |   395 |   181 |       ||   857
Throw: Tomahawk          |     5 |       |       |       |       ||     5
 Cast: Corona            |     7 |       |       |       |       ||     7
       Confuse           |       |     7 |    25 |   119 |    42 ||   193
       Tukima's Dance    |       |       |       |    19 |    16 ||    35
       Dazzling Spray    |       |       |       |     3 |     6 ||     9
       Ensorcelled Hiber |       |       |       |     1 |     2 ||     3
       Summon Mana Viper |       |       |       |       |    10 ||    10
Invok: Shadow Step       |       |       |       |       |     1 ||     1
  Use: Scroll            |       |     2 |       |     5 |    18 ||    25
       Potion            |       |       |       |     3 |       ||     3
 Stab: Sleeping          |     1 |       |       |    23 |    12 ||    36
       Confused          |       |     1 |     3 |    47 |    20 ||    71
       Distracted        |       |       |       |     2 |     2 ||     4
  Eat: Royal jelly       |       |       |     1 |     2 |     2 ||     5
       Bread ration      |       |       |     1 |       |       ||     1
       Fruit             |       |       |       |     4 |       ||     4
Armor: Robe              |    10 |    11 |    14 |    32 |     4 ||    71
       Troll leather arm |       |       |       |       |     7 ||     7
Dodge: Dodged            |    70 |    82 |   193 |   604 |   197 ||  1146
Block: Other             |       |       |       |    87 |    27 ||   114
